 Dungeon Crawl Stone Soup version 0.29.0-11-gd7f09526c8 (webtiles) character file.

Game seed: 1636956121643209381

936 sanka the Transmogrifier (level 7, -2/57 HPs)
             Began as a Pale Draconian Transmuter on Sept 4, 2022.
             Slain by a gnoll
             ... wielding a +0 halberd
              (12 damage)
             ... on level 6 of the Dungeon.
             The game lasted 00:10:44 (8579 turns).

sanka the Transmogrifier (DrTm)                     Turns: 8579, Time: 00:10:44

Health: -2/57      AC:  2    Str: 13    XL:     7   Next: 87%
Magic:  8/10       EV: 19    Int: 15    God:
Gold:   267        SH:  0    Dex: 16    Spells: 4/10 levels left

rFire   . . .      SeeInvis .     - Unarmed
rCold   + . .      Faith    .   (shield currently unavailable)
rNeg    . . .      Spirit   .   (body armour unavailable)
rPois   x          Reflect  .   (helmet currently unavailable)
rElec   .          Harm     .   (cloak currently unavailable)
rCorr   .          Rampage  .   (gloves currently unavailable)
Will    .....                   (boots currently unavailable)
Stlth   +.........              x - amulet of the acrobat
HPRegen 0.19/turn               (no ring)
MPRegen 0.12/turn               t - ring of protection from cold

@: lethally poisoned (-2 -> -26), spider-form (expiring)
A: venomous fangs, (breathe steam), AC +6, tiny, unfitting armour,
(cold-blooded), (steam resistance)
a: End Transformation


You were on level 6 of the Dungeon.
You were a venomous arachnid creature.
You visited 1 branch of the dungeon, and saw 6 of its levels.
You also visited: Sewer.

You collected 267 gold pieces.


Innate Abilities, Weirdness & Mutations

You are a venomous arachnid creature.
You have poisonous fangs.
You are tiny and dextrous.
Your spellcasting is less reliable in this form.
Your armour is entirely melded.
You are incapable of wielding weapons or throwing items.
((You can breathe blasts of scalding, opaque steam.))
((Your pale cyan-grey scales are hard. (AC +6)))
You cannot fit into any form of body armour.
((You are cold-blooded and may be slowed by cold attacks.))
((You are immune to the effects of steam.))


   Skills:
 + Level 3.0 Fighting
 - Level 1.7 Dodging
 * Level 4.8 Unarmed Combat
 - Level 2.0 Spellcasting
 - Level 8.0 Transmutations


You had 4 spell levels left.
You knew the following spells:

 Your Spells              Type           Power      Damage    Failure   Level
x - Spider Form           Tmut/Pois      13%        N/A       30%         3
y - Wereblood             Tmut           25%        N/A       6%          2
z - Beastly Appendage     Tmut           50%        N/A       4%          1

Your spell library contained the following spells:

 Spells                   Type           Power      Damage    Failure   Level
 Apportation              Tloc           2%         N/A       43%         1
 Ignite Poison            Fire/Tmut/Pois 9%         N/A       43%         3
 Ice Form                 Ice/Tmut       13%        N/A       61%         4
 Mephitic Cloud           Conj/Pois/Air  1%         N/A       75%         3
 Alistair's Intoxication  Tmut/Pois      8%         N/A       89%         5
 Freezing Cloud           Conj/Ice/Air   0%         6-21      100%        5

Inventory:

Missiles
 o - 18 poisoned darts
Armour
 p - a +0 cloak (melded)
Jewellery
 b - a ring of ice
 r - a ring of ice
 t - a ring of protection from cold (right front leg)
 x - an amulet of the acrobat (around neck)
Wands
 z - a wand of flame (13)
Scrolls
 c - a scroll of enchant armour {unknown}
 d - 3 scrolls of teleportation {unknown}
 e - 2 scrolls of fear {unknown}
 g - 5 scrolls of identify {unknown}
 j - 5 scrolls of immolation {unknown}
 l - a scroll of butterflies {unknown}
 q - 3 scrolls of magic mapping {unknown}
 s - a scroll of poison {unknown}
 u - a scroll of enchant weapon {unknown}
 w - a scroll of brand weapon {unknown}
 y - a scroll of amnesia {unknown}
Potions
 a - 2 potions of lignification {!q}
 f - a potion of brilliance {unknown}
 h - a potion of berserk rage {unknown}
 i - a potion of ambrosia {unknown}
 k - 2 potions of curing {unknown}
 m - 3 potions of mutation {unknown}
 n - a potion of invisibility {unknown}
 v - a potion of flight {unknown}
 A - a potion of heal wounds {unknown}

Dungeon Overview and Level Annotations

Branches:
Dungeon (6/15)              Sewer (visited)
 Temple: D:4-7

Altars:
Elyvilon

▒▒▒▒▒ ..▒
▒...▒
▒.▒▒▒▒.▒.▒▒
▒.▒....▒<.▒
▒.▒.▒▒▒▒..▒ ▒
▒.▒.▒.....▒
▒[▒.▒.s.....▒
▒.▒.▒▒▒g▒▒▒▒▒
▒...gg.g▒
▒▒▒.▒▒▒▒▒ ▒.▒
▒†▒ ▒.▒
▒g£.....▒
▒g▒▒▒▒▒.▒


You could see 2 gnolls.


Message History

Unknown command.
You hit the gnoll.
The gnoll is heavily wounded.
You feel sick. The gnoll misses you. The gnoll completely misses you.
Unknown command.
You barely miss the gnoll.
The gnoll is heavily wounded.
You feel sick.
The gnoll hits you from afar with a +0 halberd!
* * * LOW HITPOINT WARNING * * *
The gnoll misses you.
You hit the gnoll.
The gnoll looks as sick as possible!
The gnoll is severely wounded.
You feel sick.
The gnoll hits you with a +2 short sword of venom.
* * * LOW HITPOINT WARNING * * *
You are lethally poisoned!
The gnoll hits you from afar with a +0 halberd.
* * * LOW HITPOINT WARNING * * *
Unknown command.
You barely miss the gnoll.
The gnoll is severely wounded.
* * * LOW HITPOINT WARNING * * *
You feel very sick. The gnoll completely misses you.
The gnoll hits you from afar with a +0 halberd!
You die...

Action                   |  1- 3 |  4- 6 |  7- 9 || total
-------------------------+-------+-------+-------++-------
Melee: Unarmed           |   128 |   196 |   112 ||   436
       Kick              |    28 |    16 |     2 ||    46
       Tailslap          |     9 |    12 |     9 ||    30
       Headbutt          |    14 |     8 |       ||    22
       Punch             |     4 |       |       ||     4
Throw: Dart              |       |     8 |     1 ||     9
 Cast: Beastly Appendage |    25 |    13 |     2 ||    40
       Spider Form       |       |     8 |    12 ||    20
Evoke: Wand              |       |       |     3 ||     3
  Use: Potion            |       |     1 |       ||     1
 Stab: Sleeping          |     1 |       |       ||     1
Armor: Skin              |    53 |    57 |    10 ||   120
Dodge: Dodged            |    94 |   119 |   107 ||   320

Levels and vault maps discovered:
D:1:      dpeg_arrival_ternary, layout_rooms,
          nicolae_concentric_dashed_squares_wild
D:2:      layout_loops_cross
D:3:      layout_basic, cheibrodos_sewer_entry_drain
D:4:      layout_rooms, minmay_misc_feat_alley, uniq_robin
D:5:      gammafunk_steamed_eel, layout_basic, nicolae_elyvilon_peaceful_grove,
          nrook_campfire
D:6:      layout_basic, chequers_temple_overflow_statue_of_worship,
          temple_green, serial_shops, nicolae_stop_n_shop_2,
          minmay_chambers_of_fives

Notes
Turn   | Place    | Note
-------+----------+-------------------------------------------
     0 | D:1      | sanka the Draconian Transmuter began the quest for the Orb.
     0 | D:1      | Reached XP level 1. HP: 16/16 MP: 3/3
    51 | D:1      | Reached XP level 2. HP: 7/23 MP: 3/5
   422 | D:1      | Reached skill level 3 in Transmutations
  1341 | D:2      | Reached XP level 3. HP: 28/28 MP: 4/6
  2116 | D:3      | Reached skill level 4 in Transmutations
  2252 | D:3      | Found a glowing drain.
  2371 | D:3      | Learned a level 2 spell: Wereblood
  2375 | D:3      | Learned a level 3 spell: Spider Form
  2455 | Sewer    | Entered a sewer
  2479 | Sewer    | Reached XP level 4. HP: 27/35 MP: 5/7
  3405 | Sewer    | Noticed a kobold brigand
  3405 | Sewer    | Noticed a kobold brigand
  3405 | Sewer    | Noticed a kobold brigand
  3462 | Sewer    | Killed a kobold brigand
  3463 | Sewer    | Reached skill level 5 in Transmutations
  3463 | Sewer    | Reached XP level 5. HP: 16/40 MP: 8/8
  3474 | Sewer    | Reached skill level 6 in Transmutations
  3905 | Sewer    | Reached XP level 6. HP: 44/47 MP: 6/9
  4984 | D:4      | Reached skill level 7 in Transmutations
  5482 | D:4      | Noticed Robin
  5526 | D:4      | Killed Robin
  5527 | D:4      | Your scales start taking on a pale cyan-grey colour.
  5527 | D:4      | Reached XP level 7. HP: 31/52 MP: 2/10
  5527 | D:4      | Gained mutation: You are immune to the effects of steam.
                  | [Pale Draconian growth]
  6012 | D:5      | Entered Level 5 of the Dungeon
  6028 | D:5      | Reached skill level 8 in Transmutations
  6611 | D:5      | Found a white marble altar of Elyvilon.
  7349 | D:5      | Found a transporter.
  7429 | D:5      | Reached skill level 2 in Fighting
  7671 | D:5      | Found a transporter.
  8248 | D:5      | Reached skill level 4 in Unarmed Combat
  8480 | D:6      | Reached skill level 3 in Fighting
  8579 | D:6      | Slain by a gnoll

Vanquished Creatures
  3 kobold brigands (Sewer)
  A necrophage (D:6)
  4 scorpions
  2 electric eels (D:5)
  A hound (D:5)
  A gnoll bouda (D:5)
  An orc priest (D:3)
  Robin (D:4)
  8 adders
  4 gnolls (D:5)
  A white imp (D:5)
  An ufetubus (D:5)
  2 worms
  3 dart slugs
  4 orcs
  4 bats
  8 endoplasms
  6 giant cockroaches
  10 hobgoblins
  17 kobolds
  A quokka (D:2)
  10 ball pythons
  4 frilled lizards (Sewer)
  13 goblins
  11 rats
121 creatures vanquished.

Vanquished Creatures (others)
  A bush (D:5)
  A fungus (Sewer)
  7 plants
9 creatures vanquished.

Grand Total: 130 creatures vanquished
